 Dungeon Crawl Stone Soup version 0.29-a0-231-g945431f764 (webtiles) character file.

Game seed: 1437516894483026041

45 Hubjo the Sneak (level 3, -3/26 HPs)
             Began as a Vampire Enchanter on Feb 28, 2022.
             Slain by a quokka (5 damage)
             ... on level 1 of the Dungeon.
             The game lasted 00:01:48 (859 turns).

Hubjo the Sneak (Vampire Enchanter)                  Turns: 859, Time: 00:01:49

Health: -3/26      AC:  2    Str: 13    XL:     3   Next: 42%
Magic:  6/6        EV: 12    Int: 17    God:
Gold:   33         SH:  0    Dex: 16    Spells: 6/6 levels left

rFire   . . .      SeeInvis +   a - +1 dagger
rCold   . . .      Faith    .   (no shield)
rNeg    . . .      Spirit   .   b - +0 robe
rPois   .          Reflect  .   (no helmet)
rElec   .          Harm     .   (no cloak)
rCorr   .          Rampage  .   (no gloves)
Will    .....                   (no boots)
Stlth   +++.......              (no amulet)
HPRegen 0.28/turn               e - +6 ring of strength
MPRegen 0.10/turn               (no ring)

@: healing quickly
A: alive, fangs 3, see invisible, vampiric 2
a: Exsanguinate


You were on level 1 of the Dungeon.
You visited 1 branch of the dungeon, and saw 1 of its levels.

You collected 33 gold pieces.

Inventory:

Hand Weapons
 a - a +1 dagger (weapon)
Missiles
 d - 2 silver javelins (quivered)
Armour
 b - a +0 robe (worn)
Jewellery
 e - a +6 ring of strength (left hand)
Potions
 c - a potion of invisibility
 f - a potion of brilliance {unknown}


   Skills:
 * Level 1.4 Fighting
 + Level 1.4 Short Blades
 + Level 2.5 Dodging
 * Level 5.2 Stealth
 - Level 2.0 Spellcasting
 + Level 4.8 Hexes


You had 6 spell levels left.
You didn't know any spells.
Your spell library contained the following spells:

 Spells                   Type           Power      Damage    Failure   Level
 Confusing Touch          Hex            18%        N/A       9%          3
 Tukima's Dance           Hex            18%        N/A       9%          3
 Ensorcelled Hibernation  Hex/Ice        18%        N/A       11%         2
 Apportation              Tloc           2%         N/A       19%         1
 Dazzling Flash           Conj/Hex       18%        N/A       22%         3
 Alistair's Intoxication  Tmut/Pois      0%         N/A       99%         5


Dungeon Overview and Level Annotations

Branches:
Dungeon (1/15)

Altars:


Innate Abilities, Weirdness & Mutations

Your natural rate of healing is accelerated.
You have razor-sharp teeth.
You have supernaturally acute eyesight. (SInv)
You are afflicted with vampirism and can become a bat while bloodless.


Message History

You closely miss the quokka.
The quokka is almost dead.
The quokka bites you.
You are too injured to fight recklessly!
You are too injured to fight recklessly!
You are too injured to fight recklessly!
A quokka is nearby!
You are too injured to fight recklessly!
You are too injured to fight recklessly!
You are too injured to fight recklessly!
You are too injured to fight recklessly!
You are too injured to fight recklessly!
You are too injured to fight recklessly!
You are too injured to fight recklessly!
You are too injured to fight recklessly!
You are too injured to fight recklessly!
You are too injured to fight recklessly!
You are too injured to fight recklessly!
You are too injured to fight recklessly!
You are too injured to fight recklessly!
You are too injured to fight recklessly!
You are too injured to fight recklessly!
You are too injured to fight recklessly!
You are too injured to fight recklessly!
You miss the quokka.
The quokka is almost dead.
The quokka bites you.
You barely miss the quokka. Your bite misses the quokka.
The quokka is almost dead.
The quokka bites you.
* * * LOW HITPOINT WARNING * * *
You hit the quokka but do no damage.
The quokka is almost dead.
The quokka closely misses you.
You miss the quokka.
The quokka is almost dead.
The quokka bites you.
* * * LOW HITPOINT WARNING * * *
The quokka bites you.
You die...

#........### #....##....#.#
#..........# #.#####.####.#
#..........# #.# #.#..#.#
#.P⌠⌠≈≈.⌠⌠.##.#.# #.#..#.#
#.⌠..P...⌠....#.# #.#.##.#
..≈.####.⌠.####.#####.#....#
..≈.b #.≈.# #.......#.####
..⌠.####†≈.############.#
#.≈.........#..r@.......#
#.≈≈≈≈≈⌠≈≈..#.###########
#...........# #####.....#.#
#####.#.# #..).#.# #.######
#. ##


You could see a quokka.

Vanquished Creatures
  2 ball pythons (D:1)
  6 endoplasms (D:1)
  2 giant cockroaches (D:1)
  3 goblins (D:1)
  A hobgoblin (D:1)
  13 jackals (D:1)
  3 bats (D:1)
  A frilled lizard (D:1)
  A kobold (D:1)
  6 rats (D:1)
38 creatures vanquished.

Vanquished Creatures (others)
  3 fungi (D:1)
3 creatures vanquished.

Grand Total: 41 creatures vanquished

Notes
Turn   | Place    | Note
-------+----------+-------------------------------------------
     0 | D:1      | Hubjo the Vampire Enchanter began the quest for the Orb.
     0 | D:1      | Reached XP level 1. HP: 13/13 MP: 3/3
   141 | D:1      | Reached XP level 2. HP: 20/20 MP: 5/5
   341 | D:1      | Reached skill level 1 in Fighting
   378 | D:1      | Reached skill level 5 in Stealth
   528 | D:1      | Gained mutation: You are afflicted with vampirism and can
                  | become a bat while bloodless. [Vampire growth]
   528 | D:1      | Reached XP level 3. HP: 15/26 MP: 6/6
   859 | D:1      | Slain by a quokka

Illustrated notes

Levels and vault maps discovered:
D:1:      saegor_arrival_fortress, layout_basic,
          shapermc_ecumenical_altar_acropolis,
          wander_ebering_terrifying_dragon_lair

Skill      XL: |  1  2 |
---------------+-------+-----
Fighting       | 1 |  1.4
Stealth        | 5 |  5.2
Short Blades   | |  1.4
Dodging        | |  2.5
Spellcasting   | |  2.0
Hexes          | |  4.8

Action                   || total
-------------------------++-------
Melee: Dagger            ||   154
       Bite              ||    15
       Punch             ||     1
 Stab: Sleeping          ||     5
Armor: Robe              ||    56
Dodge: Dodged            ||   141

Table legend: (Time is in decaauts)
 A = Elapsed time spent in this place.
 B = Non-inter-level travel time spent in this place.
 C = Inter-level travel time spent in this place.
 D = Time resting spent in this place.
 E = Time spent auto-exploring this place.
 F = Levels seen in this place.
 G = Mean time per level.
                   A        B        C        D        E       F      G
               +--------+--------+--------+--------+--------+-----+--------+
         Total |    849 |    849 |      0 |      0 |    495 |   1 |  849.0 |
       Dungeon |    849 |    849 |      0 |      0 |    495 |   1 |  849.0 |
               +--------+--------+--------+--------+--------+-----+--------+

Top non-repeatable levels by time:
     D:1: 849 daAuts
